 Dungeon Crawl Stone Soup version 0.19.1-1-g22dce08 (webtiles) character file.

213 Alarkh the Chopper (level 5, -2/45 HPs)
             Began as a Draconian Monk on Jan 17, 2017.
             Slain by Messajah's ghost (10 damage)
             ... on level 4 of the Dungeon.
             The game lasted 00:03:50 (2812 turns).

Alarkh the Chopper (Draconian Monk)                 Turns: 2812, Time: 00:03:51

Health: -2/45      AC:  8    Str: 13    XL:     5   Next: 59%
Magic:  5/5        EV: 12    Int: 11    God:
Gold:   121        SH:  0    Dex: 14    Spells: 0 memorised, 4 levels left

rFire  . . .     SeeInvis .     p - +0 war axe
rCold  + . .     Gourm    .     (armour unavailable)
rNeg   . . .     Faith    .     (no shield)
rPois  .         Spirit   .     x - +2 hat
rElec  .         Reflect  +     (no cloak)
rCorr  .         Harm     .     (no gloves)
MR     .....                    k - +0 pair of boots
Stlth  +.........               c - +5 amulet of reflection
                                (no ring)
                                w - ring of protection from cold

@: confused, drained
A: unfitting armour, cold-blooded, AC +5
a: no special abilities


You were on level 4 of the Dungeon.
You were not hungry.

You visited 1 branch of the dungeon, and saw 4 of its levels.

You collected 121 gold pieces.

Inventory:

Hand Weapons
 a - a +0 hand axe
 p - a +0 war axe (weapon)
Missiles
 v - a throwing net (quivered)
Armour
 k - a +0 pair of boots (worn)
 x - a +2 hat (worn)
Jewellery
 c - a +5 amulet of reflection (around neck)
 n - an uncursed amulet of guardian spirit
 t - an uncursed amulet of harm
 w - a ring of protection from cold (left hand)
Wands
 s - a wand of polymorph (7/24)
Scrolls
 e - a scroll of blinking
 f - a scroll of recharging {unknown}
 g - 3 scrolls of teleportation {unknown}
 h - 2 scrolls of fear {unknown}
 j - a scroll of enchant armour {unknown}
 m - 2 scrolls of identify {unknown}
 q - a scroll of fog {unknown}
 y - a scroll of amnesia {unknown}
Comestibles
 b - 3 bread rations
 l - a beef jerky
 z - 2 chunks of flesh


   Skills:
 - Level 3.2(2.3) Fighting
 + Level 6.4(5.3) Axes
 - Level 2.6(1.7) Dodging
 - Level 1.7(0.8) Stealth


You had 4 spell levels left.
You didn't know any spells.

Dungeon Overview and Level Annotations

Branches:
Dungeon (4/15)
 Temple: D:4-7

Altars:
Dithmenos

Annotations:
D:4 Messajah's ghost, amateur MiFi


Innate Abilities, Weirdness & Mutations

Your plain brown scales are hard. (AC +5)
You cannot fit into any form of body armour.
You are cold-blooded and may be slowed by cold attacks.


Message History

You feel magically purged.
You float gracefully downwards.
You feel a little less agile now. Messajah's ghost hits you!
You aren't carrying any potions.
The orc wizard points at you and mumbles some strange words.
You are confused.
The orc wizard gestures wildly while chanting.
The orc wizard flickers and vanishes!
Deactivating autopickup; reactivate with Ctrl-A.
Messajah's ghost hits you!
* * * LOW HITPOINT WARNING * * *
The orc wizard hits you with a dagger.
* * * LOW HITPOINT WARNING * * *
You bump into the rock wall.
The adder bites you but does no damage. Messajah's ghost barely misses you.
The orc priest hits you but does no damage.
The orc wizard points at you and mumbles some strange words.
You resist with some effort. Messajah's ghost hits you!
You die...

.).......# .........#
.........# .........+
....<....# ..
.........### ..#
.......oo..# ###+###
#.# ####..SWS#.#
#.....# #.#
#....@#.###.....# #.#
#.(.....+.........# #.#
#.#.....#..##.....###.#
# #...........#.......#
#...........#.#####.##
#...........#.# #...
#...........#.# #.##
#(..........#.# #.#
#########..#.# #.#


You could see an orc priest, an orc wizard, Messajah's ghost and 2 adders.

Vanquished Creatures
  A worker ant (D:4)
  8 adders
  3 gnolls (D:3)
  2 oozes (D:2)
  A worm (D:3)
  A dart slug (D:1)
  3 leopard geckos
  5 orcs (D:3)
  8 bats
  3 giant cockroaches
  9 goblins
  8 hobgoblins
  5 kobolds
  2 quokkas (D:3)
  A ball python (D:3)
  3 frilled lizards
  8 rats
71 creatures vanquished.

Notes
Turn   | Place    | Note
-------+----------+-------------------------------------------
     0 | D:1      | Alarkh the Draconian Monk began the quest for the Orb.
     0 | D:1      | Reached XP level 1. HP: 19/19 MP: 1/1
   152 | D:1      | Reached XP level 2. HP: 26/26 MP: 2/2
   858 | D:2      | Reached skill level 4 in Axes
   988 | D:2      | Reached XP level 3. HP: 28/31 MP: 3/3
  1467 | D:2      | Reached XP level 4. HP: 29/38 MP: 4/4
  1548 | D:3      | Reached skill level 5 in Axes
  2430 | D:3      | Reached XP level 5. HP: 40/45 MP: 5/5
  2441 | D:3      | Found a shadowy altar of Dithmenos.
  2529 | D:3      | Reached skill level 6 in Axes
  2803 | D:4      | Noticed Messajah's ghost (amateur MiFi)
  2812 | D:4      | Slain by Messajah's ghost

Skill      XL: |  1  2  3  4  5 |
---------------+----------------+-----
Axes           | 4 5 6 |  6.4
Fighting       | |  3.2
Dodging        | |  2.6
Stealth        | |  1.7

Action                   |  1- 3 |  4- 6 || total
-------------------------+-------+-------++-------
Melee: Hand axe          |   136 |    25 ||   161
       Tailslap          |    14 |    11 ||    25
       War axe           |       |    73 ||    73
  Use: Potion            |     1 |     5 ||     6
       Scroll            |       |     1 ||     1
 Stab: Sleeping          |     3 |     4 ||     7
  Eat: Chunk             |     2 |     4 ||     6
Armor: Skin              |    56 |    37 ||    93
Dodge: Dodged            |   127 |    53 ||   180
Block: Other             |       |    12 ||    12
       Reflection        |       |     1 ||     1
